 Dungeon Crawl Stone Soup version 0.31-a0-133-gaae73658be (webtiles) character file.

Game seed: 819859428524562111

2677934 MackTheKnife the Sensei (level 25, 210/210 HPs)
             Began as a Demonspawn Monk on June 2, 2023.
             Was a Follower of Uskayaw.
             Escaped with the Orb
             ... and 4 runes!
             The game lasted 01:53:48 (54761 turns).

MackTheKnife the Sensei (Demonspawn Monk)          Turns: 54761, Time: 01:53:49

Health: 210/210    AC: 30    Str: 22    XL:     25   Next: 63%
Magic:  35/35      EV: 35    Int: 15    God:    Uskayaw [*.....]
Gold:   2552       SH:  0    Dex: 34    Spells: 32/34 levels left

rFire   + .          .
                       - Unarmed
rCold   + + .        (no shield)
rNeg    + . .        U - quicksilver dragon scales {rare}
rPois   +            M - +2 helmet
rElec   +            X - +2 cloak {Will+}
rCorr   .            (gloves unavailable)
SInv    .            N - +2 pair of boots {Fly}
Will    ++++.        C - amulet "Naskadgh" {Acrobat Dex+6}
Stlth   ++           G - ring "Nenirgh" {*Corrode rN+ Will+ Dex+4 Slay+5}
HPRegen 0.55/turn    d - ring of Yendor {rElec rF+ rC++ Str+6}
MPRegen 0.24/turn

%: corrode self (3%), acrobat
@: flying, studying 2 skills
A: slimy green scales 3, demonic guardian 2, powered by pain 3, corrupting
presence 2, word of chaos, demonic touch 3, agile 1, clever 1, high MP 1
0: Orb of Zot
}: 4/15 runes: decaying, serpentine, silver, abyssal
a: Word of Chaos, Renounce Religion, Stomp


You escaped.
You worshipped Uskayaw.
Uskayaw was pleased with you.
You visited 11 branches of the dungeon, and saw 49 of its levels.
You visited the Abyss 1 time.
You also visited: Trove and Desolation.

You collected 5776 gold pieces.
You spent 3224 gold pieces at shops.


Innate Abilities, Weirdness & Mutations

You are completely covered in slimy green scales. (AC +4, rPois)
A demonic guardian rushes to your aid.
You are powered by pain.
Your presence sometimes corrodes or deforms those you injure.
You can speak a Word of Chaos.
Your touch may irresistibly damage your foes and sap their willpower.
You are agile. (Dex +4, Str/Int -1)
Your mind is acute. (Int +4, Str/Dex -1)
You have an increased reservoir of magic. (+10% MP)


   Skills:
 - Level 20.0 Fighting
 - Level 15.0 Armour
 - Level 20.0 Dodging
 - Level 8.0 Stealth
 - Level 25.0 Unarmed Combat
 - Level 5.1 Spellcasting
 - Level 8.0 Transmutations
 - Level 12.0 Invocations
 + Level 16.3 Evocations


You had 32 spell levels left.
You knew the following spells:

 Your Spells              Type           Power      Damage    Failure   Level
a - Wereblood             Tmut           27%        N/A       1%          2

Your spell library contained the following spells:

 Spells                   Type           Power      Damage    Failure   Level
 Sting                    Tmut/Pois      60%        1d6       4%          1
 Apportation              Tloc           6%         N/A       22%         1
 Foxfire                  Conj/Fire      12%        2x1d4     22%         1
 Kiss of Death            Conj/Necr      12%        2d6       22%         1
 Magic Dart               Conj           12%        1d3       22%         1
 Necrotise                Necr           12%        1d4       22%         1
 Ignite Poison            Fire/Tmut/Pois 11%        N/A       22%         3
 Blade Hands              Tmut           13%        N/A       22%         5
 Blink                    Tloc           6%         N/A       32%         2
 Call Imp                 Summ           6%         N/A       32%         2
 Ensorcelled Hibernation  Hex/Ice        6%         N/A       32%         2
 Lesser Beckoning         Tloc           6%         N/A       32%         2
 Momentum Strike          Conj/Tloc      6%         3d8       32%         2
 Poisonous Vapours        Pois/Air       6%         N/A       32%         2
 Scorch                   Fire           6%         2d5       32%         2
 Searing Ray              Conj           6%         2d4       32%         2
 Sublimation of Blood     Necr           3%         N/A       32%         2
 Ice Form                 Ice/Tmut       15%        N/A       38%         4
 Petrify                  Tmut/Erth      15%        N/A       38%         4
 Confusing Touch          Hex            3%         N/A       54%         3
 Dazzling Flash           Conj/Hex       6%         N/A       54%         3
 Frozen Ramparts          Ice            6%         1d1       54%         3
 Gell's Gravitas          Tloc           3%         N/A       54%         3
 Inner Flame              Hex/Fire       3%         N/A       54%         3
 Mephitic Cloud           Conj/Pois/Air  3%         N/A       54%         3
 Ozocubu's Armour         Ice            3%         N/A       54%         3
 Stone Arrow              Conj/Erth      6%         3d7       54%         3
 Teleport Other           Tloc           3%         N/A       54%         3
 Tukima's Dance           Hex            3%         N/A       54%         3
 Vampiric Draining        Necr           3%         2d6       54%         3
 Vhi's Electric Charge    Tloc/Air       6%         N/A       54%         3
 Alistair's Intoxication  Tmut/Pois      10%        N/A       75%         5
 Yara's Violent Unravell  Hex/Tmut       7%         3d5       75%         5
 Animate Armour           Summ/Erth      6%         N/A       91%         4
 Cause Fear               Hex            1%         N/A       91%         4
 Dispel Undead            Necr           3%         3d7       91%         4
 Flame Wave               Conj/Fire      3%         2d5       91%         4
 Fulminant Prism          Conj/Hex       1%         3d5       91%         4
 Leda's Liquefaction      Hex/Erth       1%         N/A       91%         4
 Manifold Assault         Tloc           3%         N/A       91%         4
 Olgreb's Toxic Radiance  Pois           3%         N/A       91%         4
 Passage of Golubria      Tloc           3%         N/A       91%         4
 Sticky Flame             Conj/Fire      3%         2d3       91%         4
 Summon Ice Beast         Ice/Summ       3%         N/A       91%         4
 Summon Lightning Spire   Summ/Air       3%         N/A       91%         4
 Agony                    Necr           3%         N/A       99%         5
 Arcjolt                  Conj/Air       1%         1d11      99%         5
 Borgnjor's Vile Clutch   Necr/Erth      1%         N/A       99%         5
 Fireball                 Conj/Fire      1%         3d3       99%         5
 Iskenderun's Battlesphe  Conj           3%         2d6       99%         5
 Lee's Rapid Deconstruct  Erth           1%         3d4*      99%         5
 Metabolic Englaciation   Hex/Ice        1%         N/A       99%         5
 Silence                  Hex/Air        1%         N/A       99%         5
 Conjure Ball Lightning   Conj/Air       1%         3x3d6     100%        6
 Death Channel            Necr           1%         N/A       100%        6
 Dispersal                Tloc           1%         N/A       100%        6
 Leda's Unmaking          Conj/Erth      1%         9d1       100%        6
 Plasma Beam              Fire/Air       1%         2x1d11    100%        6
 Statue Form              Tmut/Erth      10%        N/A       100%        6
 Summon Cactus Giant      Summ           1%         N/A       100%        6
 Dragon Form              Tmut           13%        N/A       100%        7
 Enfeeble                 Hex            1%         N/A       100%        7
 Orb of Destruction       Conj           1%         9d5       100%        7
 Spellforged Servitor     Conj/Summ      1%         N/A       100%        7
 Storm Form               Tmut/Air       7%         N/A       100%        7
 Summon Hydra             Summ           1%         N/A       100%        7
 Discord                  Hex            1%         N/A       100%        8
 Disjunction              Tloc           1%         N/A       100%        8
 Ignition                 Fire           1%         3d3       100%        8
 Lehudib's Crystal Spear  Conj/Erth      1%         10d2      100%        8
 Necromutation            Tmut/Necr      7%         N/A       100%        8
 Dragon's Call            Summ           1%         N/A       100%        9
 Fire Storm               Conj/Fire      1%         8d1       100%        9

Inventory:

Armour
 q - +0 shadow dragon scales {rare}
   (You found it on level 2 of the Realm of Zot)
 M - a +2 helmet (worn)
   (You found it on level 4 of the Vaults)
 N - a +2 pair of boots of flying (worn)
   (You found it in the Desolation of Salt)
 U - quicksilver dragon scales (worn) {rare}
   (You found it on level 4 of the Depths)
 X - a +2 cloak of willpower (worn)
   (You found it on level 3 of the Elven Halls)
Jewellery
 d - the ring of Yendor (right hand) {rElec rF+ rC++ Str+6}
   (You bought it in a shop on level 3 of the Snake Pit)

   [ring of strength]

   Str:       It affects your strength (+6).
   rF:        It protects you from fire.
   rC:        It greatly protects you from cold.
   rElec:     It insulates you from electricity.
 C - the amulet "Naskadgh" (around neck) {Acrobat Dex+6}
   (You found it in a treasure trove)

   [amulet of the acrobat]

   It increases your evasion while moving and waiting.
   Dex:       It affects your dexterity (+6).
 D - an amulet of faith {!P}
   (You took it off a black draconian on level 2 of the Realm of Zot)
 G - the ring "Nenirgh" (left hand) {*Corrode rN+ Will+ Dex+4 Slay+5}
   (You bought it in a shop on level 8 of the Dungeon)

   [ring of positive energy]

   Dex:       It affects your dexterity (+4).
   Slay:      It affects your accuracy & damage with ranged weapons and melee
   (+5).
   rN:        It protects you from negative energy.
   *Corrode:  It may corrode you when you take damage.
   Will:      It increases your willpower.
Wands
 f - a wand of mindburst (12)
   (You found it on level 3 of the Vaults)
 n - a wand of flame (194)
   (You took it off Ijyb on level 3 of the Dungeon)
 r - a wand of digging (4)
   (You found it on level 2 of the Depths)
 s - a wand of charming (48)
   (You found it on level 8 of the Dungeon)
 x - a wand of iceblast (49)
   (You found it on level 14 of the Dungeon)
 y - a wand of polymorph (22)
   (You found it on level 8 of the Dungeon)
 H - a wand of quicksilver (31)
   (You found it on level 5 of the Lair of Beasts)
Scrolls
 a - a scroll of butterflies
 e - 2 scrolls of fear
 g - 6 scrolls of teleportation {@r4}
 h - 5 scrolls of silence {!r}
 j - 6 scrolls of poison {!r}
 A - 19 scrolls of identify {@r1}
 B - 7 scrolls of immolation {!r!r}
 K - 4 scrolls of enchant armour
 P - 2 scrolls of torment {!r}
 R - 2 scrolls of blinking {!r}
 V - 3 scrolls of vulnerability {!r!r}
Potions
 b - a potion of ambrosia
 l - 6 potions of attraction {!q}
 m - 4 potions of enlightenment
 o - 5 potions of cancellation
 p - 10 potions of brilliance
 t - 10 potions of curing {@q1}
 u - 4 potions of mutation {!q}
 v - a potion of haste {@q3}
 w - 4 potions of berserk rage {!q}
 z - 7 potions of heal wounds {@q2}
 E - 6 potions of lignification {!q}
 F - 4 potions of magic
 J - 5 potions of might
 L - 4 potions of resistance
Miscellaneous
 i - a sack of spiders (inert)
   (You found it on level 5 of the Vaults)
 k - a condenser vane
   (You found it on level 1 of the Lair of Beasts)
 O - a lightning rod (3/4)
   (You found it on level 1 of the Snake Pit)
 T - a phial of floods
   (You found it on level 5 of the Vaults)

Dungeon Overview and Level Annotations

Branches:
Dungeon (15/15)            Temple (0/1) D:6            Lair (5/5) D:11
  Swamp (4/4) Lair:3        Snake (4/4) Lair:2        Slime (0/5) Lair:5
    Orc (2/2) D:10            Elf (3/3) Orc:2        Vaults (5/5) D:13
  Crypt (1/3) Vaults:2     Depths (4/4) D:15           Hell (visited)
    Zot (5/5) Depths:4    Desolation (visited)
    Dis: Hell:1         Geh: Hell:1         Coc: Hell:1         Tar: Hell:1

Altars:
Ashenzari
Cheibriados
Dithmenos
Hepliaklqana
Kikubaaqudgha
Makhleb
Qazlal
Sif Muna
Trog
Uskayaw
Wu Jian
Xom
Lugonu

Shops:
D:1 *   D:4 (   D:8 (*(   D:11 [   D:15 =   Orc:2 [((((((   Elf:2 :   Elf:3 (
Snake:3 :==   Vaults:2 :   Vaults:3 [   Vaults:4 !=

Portals:
Hell: Depths:2 Depths:3 Depths:4
Abyss: Depths:3
Pandemonium: Depths:1 Depths:2
Ziggurat: Depths:3

Annotations:
D:9 exclusion: ice statue
Elf:2 3 runed translucent doors
Depths:1 exclusion: 2 doors
Zot:5 exclusion: 2 upstairs

#.#.................#
.###.###...#####..###
#!#...............#########
##.#####...#####..........#
### ##...####.########.#
###......# #.# #..###.#
#.####### #########
#........ ####8@8####
######### ##.........##
#....... #8.........8#
#.###### #...8...8...# #.#
#8.........8# #.#
##.........#####.######
#.....................
######'#########.######
#.##.#..#### #.#


There were no monsters in sight!


Message History

There is a stone staircase leading down here.
There is a stone staircase leading up here.
You fly upwards.
There is a stone staircase leading down, spattered with blood here.
Items here: )) [[.
There is a stone staircase leading up here.
You see here a +0 dagger {short}.
You fly upwards.
There is a stone staircase leading down here.
You see here a +3 shortbow {bow}.
A Tzitzimitl comes into view. 😎 HP[+24]
Your hp is fully restored (210).
The Tzitzimitl moves out of view.
There is a stone staircase leading up, spattered with blood here.
You fly upwards.
There is a stone staircase leading down, spattered with blood here.
(D) Dungeon (T) Temple (L) Lair (S) Swamp (P) Snake Pit (M) Slime Pits (O) Orcish Mines (E) Elven Halls (V) Vaults (C) Crypt (U) Depths (H) Hell (Z) Zot
Where to? (Enter - D:1, ? - help)
What level of the Dungeon? (default 1, ? - help)
Things that are here:
a +0 leather armour; a +0 whip {mace}; a +0 flail {mace}
There is an open door here.
An ice devil comes into view.
There is an open door here.
The ice devil completely misses you.
You pummel the ice devil!! You punch the ice devil. You punch the ice devil!
You kill the ice devil!
No target in view!
(D) Dungeon (T) Temple (L) Lair (S) Swamp (P) Snake Pit (M) Slime Pits (O) Orcish Mines (E) Elven Halls (V) Vaults (C) Crypt (U) Depths (H) Hell (Z) Zot
Where to? (Enter - D:1, ? - help)
There is a stone staircase leading up here.
You fly upwards.
There is a stone staircase leading down here.
There is an open door here.
There is a stone staircase leading up here.
You fly upwards.
There is a stone staircase leading down here.
There is a stone staircase leading up here.
You fly upwards.
There is a stone staircase leading down here.
A Hell Sentinel comes into view.
The Hell Sentinel roars!
A rust devil comes into view.
The rust devil moves out of view.
You pummel the Hell Sentinel!!
The Hell Sentinel twists and deforms.
You touch the Hell Sentinel!
You hit the Hell Sentinel but do no damage.
You touch the Hell Sentinel!
The Hell Sentinel gestures at you.
The sphere of damnation explodes!
The damnation engulfs you!!
You focus on the pain.
You feel very mighty all of a sudden.
The damnation engulfs the Hell Sentinel.
The Hell Sentinel completely resists. 😕 HP[-22]
You take 22 damage, and now have 188/210 hp.
You pummel the Hell Sentinel!!
Your corrupting presence corrodes the Hell Sentinel!
You touch the Hell Sentinel!
You can now pass through a line of other dancers.
You pummel the Hell Sentinel!! You punch the Hell Sentinel!
You kill the Hell Sentinel!
You feel yourself speed up. 😕 HP[+1]
You can't go down here!
Unknown command. 😕 HP[+1]
Your extra speed is starting to run out.
You feel yourself slow down.
You feel a little less mighty now.
There is a stone staircase leading down here.
An orange demon comes into view. 😎 HP[+20]
Your hp is fully restored (210).
Unknown command.
Unknown command.
Unknown command.
Unknown command.
The orange demon completely misses you.
The orange demon completely misses you. x2
You hit the orange demon.
You squash the orange demon like an ant!!!
You touch the orange demon.
You kill the orange demon!
Aiming: Dig
Press: ? - help, Shift-Dir - straight line A rock wall.
This square is covered in magical glow.
The rock shatters into small pieces.
Okay, then.
There is a staircase leading out of the dungeon here.
You have escaped!

Skill      XL: |  1  2  3  4  5  6  7  8  9 10 11 12 13 14 15 16 17 18 19 20 21 22 23 24 25 |
---------------+----------------------------------------------------------------------------+-----
Unarmed Combat | 3 4 6 7 8 9 12 13 14 17 19 21 23 25 | 25.0
Dodging        | 3 6 8 10 11 13 15 17 20 | 20.0
Fighting       | 4 6 8 9 12 13 17 18 19 20 | 20.0
Invocations    | 10 12 | 12.0
Armour         | 8 10 11 13 15 | 15.0
Evocations     | 8 11 16 | 16.3
Spellcasting   | 5 |  5.1
Transmutations | 5 8 |  8.0
Stealth        | 8 |  8.0

Action                     |  1- 3 |  4- 6 |  7- 9 | 10-12 | 13-15 | 16-18 | 19-21 | 22-24 | 25-27 || total
---------------------------+-------+-------+-------+-------+-------+-------+-------+-------+-------++-------
  Melee: Unarmed           |    91 |   105 |   296 |   684 |  1101 |  1324 |  1318 |  1387 |   194 ||  6500
         Touch             |    15 |    27 |    58 |   130 |   252 |   294 |   310 |   328 |    58 ||  1472
         Punch             |     1 |     5 |    23 |    58 |   128 |   200 |   266 |   314 |    51 ||  1046
  Throw: Throwing net      |       |     1 |       |       |       |       |       |       |       ||     1
   Cast: Wereblood         |       |       |       |       |       |       |     6 |    16 |     2 ||    24
 Invoke: Line Pass         |       |       |       |       |       |     1 |     1 |       |       ||     2
         Grand Finale      |       |       |       |       |       |       |     3 |     3 |     1 ||     7
         Stomp             |       |       |       |       |       |       |       |     1 |       ||     1
  Evoke: Wand              |       |       |     8 |     9 |     3 |     6 |     7 |     6 |     3 ||    42
         Condenser vane    |       |       |       |       |     2 |     3 |     2 |     2 |     1 ||    10
         Lightning rod     |       |       |       |       |       |       |       |     3 |     4 ||     7
    Use: Scroll            |     2 |     4 |     8 |    12 |     5 |    10 |    13 |    18 |     2 ||    74
         Potion            |     1 |       |     2 |     2 |     1 |     5 |     8 |     7 |     9 ||    35
   Stab: Sleeping          |     1 |     2 |     2 |       |       |       |     1 |     4 |     1 ||    11
         Held in net/web   |       |     1 |       |       |       |       |       |       |     2 ||     3
         Distracted        |       |       |     1 |     2 |     2 |       |     1 |    10 |       ||    16
         Paralysed         |       |       |     6 |    46 |   116 |   154 |   136 |   136 |    15 ||   609
         Confused          |       |       |       |       |       |     1 |     3 |       |       ||     4
         Betrayed ally     |       |       |       |       |       |     1 |     2 |       |       ||     3
         Invisible         |       |       |       |       |       |       |       |       |     3 ||     3
 Armour: Robe              |     9 |    37 |    33 |       |       |       |       |       |       ||    79
         Acid dragon scale |       |       |    77 |    81 |       |       |       |       |       ||   158
         Scale mail        |       |       |       |    77 |       |       |       |       |       ||    77
         Chain mail        |       |       |       |    77 |   530 |   749 |   560 |   291 |       ||  2207
         Quicksilver drago |       |       |       |       |       |       |       |   159 |    32 ||   191
  Dodge: Dodged            |    49 |    66 |   170 |   376 |   657 |   887 |   934 |   899 |   222 ||  4260

Levels and vault maps discovered:
D:1:      mrwooster_arrival_statue_3, layout_loops_ring, serial_shops, shop
D:2:      layout_loops_ring, chequers_serial_rivers_micro_b, st_stairs_1
D:3:      layout_basic, eat_drink_and_be_merry_uskayaw, uniq_jessica,
          uniq_robin, uniq_grinder, uniq_ijyb
D:4:      layout_gridville, nicolae_take_the_stairs
D:5:      layout_rooms, grunt_decor_one_mirror
D:6:      layout_loops_cross, grunt_dithmenos_shadows,
          chequers_temple_overflow_minitemple, minmay_temple_entry_glass,
          minmay_misc_feat_tower, uniq_maggie
D:7:      minmay_the_grid_plus [minmay_the_grid_plusring, minmay_the_grid_empty,
          minmay_the_grid_fan, minmay_the_grid_minigrid_large,
          minmay_the_grid_prize_inner_circle], layout_rooms
D:8:      layout_cave_pods, kennysheep_mini_moat,
          nicolae_overflow_hidden_temple, serial_shops,
          nicolae_shop_rolling_square, nicolae_lakefront_shop,
          nicolae_shop_bloodbath_and_beyond, minivault_22
D:9:      layout_loops_ring, evilmike_ruin_ashenzari, special_room
          [special_room_orc], nzn_random_ring
D:10:     kennysheep_kobold_lugonu_temple, layout_rooms,
          nicolae_hepliaklqana_monster_ancestors, demons_altar,
          trove_entry_hex_spiral, uniq_joseph
D:11:     layout_roguey, david_lair_shrubbed, serial_shops,
          nicolae_shop_peninsula
D:12:     wad_woods_structure_01, layout_irregular_city, xom_redecorated
D:13:     layout_cave_pools, grunt_vaults_entry_fortified
D:14:     layout_roguey [special_room_orc], serial_rivers,
          chequers_serial_rivers_marsh, chequers_serial_rivers_small_b,
          chequers_serial_rivers_micro_c, chequers_serial_rivers_small_3,
          kennysheep_flooded_box, slow_altar_1, uniq_kirke, uniq_jorgrun
D:15:     gammafunk_enter_depths_forms, layout_rooms, serial_shops,
          nicolae_shop_tiny_real_fake_doors, minmay_parallelograms,
          serial_corexii_hall, chequers_hall_statues_corner_a,
          corexii_hall_statues_l, minmay_statue_bubble
Lair:1:   layout_cave_pods, nicolae_lair_grove_arrangements
Lair:2:   layout_cave_pods, minmay_snake_entry_guardpost_small,
          patterned_corridor
Lair:3:   layout_regular_city, nicolae_swamp_entry_spooky, grunt_megastairs_2
Lair:4:   layout_small_grid, hibernation_bobbens
Lair:5:   gammafunk_lair_ancient_temple, layout_loops_ring,
          nicolae_slime_entry_slimehenge, basic_altar,
          pdpol_lair_cavern_descent, infiniplex_staircase_pool
Swamp:1:  layout_basic_swamp, evilmike_swamp_ruin_house_5,
          nicolae_swamp_wisp_ring_woods
Swamp:2:  layout_basic_swamp, nicolae_swamp_dense_foliage,
          nicolae_swamp_some_circles
Swamp:3:  layout_falls_marsh, evilmike_swamp_ruin_house_4, swamp_pool1,
          nicolae_swamp_baby_hydras
Swamp:4:  swamp_alternative, layout_basic_swamp, swamp_pool1
Snake:1:  layout_honeycomb
Snake:2:  layout_chambers, nicolae_integral_box, uniq_mlioglotl
Snake:3:  layout_basic, minmay_shop_grove
Snake:4:  grunt_snake_rune_serpentine_throne, layout_onion_interference,
          nicolae_snake_flat_spine, minmay_snake_pond, uniq_nikola, uniq_aizul,
          uniq_mara
Orc:1:    layout_caves, basic_altar
Orc:2:    st_orc_elflike, layout_diamond_mine, basic_altar, serial_shops, shop,
          nicolae_shop_advertising_works [nicolae_subvault_shop_adworks],
          nicolae_shop_competitors_out_of_business, uniq_saint_roka,
          uniq_erolcha
Elf:1:    nicolae_elf_arrival_aired_out, layout_gridlike,
          minmay_elf_crystal_heptagon
Elf:2:    elven_hall_of_blades_hangedman_original
          [nicolae_blade_entry_diamond_columns], layout_loops_corners,
          special_room [special_room_mythical_zoo], serial_shops,
          nicolae_shop_stone, minivault_20
Elf:3:    grunt_elf_hall_diamonds, layout_gridlike, serial_glass,
          glass_columns_b, glass_columns_b, serial_shops,
          nicolae_shop_just_a_little_nook
Vaults:1: v_rooms_2, vaults_room_pool, vaults_room_pool,
          nicolae_vaults_hexular_roomagon, hangedman_vaults_cutoff,
          nicolae_vaults_yaktaur_gun_rack, grunt_vaults_funnel,
          nicolae_vaults_puzzle_piece, vaults_standard_mumra_enter_the_diamond,
          nicolae_vaults_trapezoid_4, nicolae_vaults_house_2,
          layout_vaults_omnicross
Vaults:2: v_misc_29, v_misc_8, hangedman_vaults_slice, blue_anna_dwarven_crypt,
          hangedman_vaults_pinch, ontoclasm_vaults_ring_square,
          nicolae_vaults_trapezoid_lopsided_4, vaults_mumra_hex,
          vaults_room_boxed, v_misc_3, nicolae_vaults_offset_grid_hallway_1,
          layout_vaults_omnibox, serial_shops, nicolae_shop_waterfront,
          uniq_zenata, uniq_boris
Vaults:3: nicolae_vaults_spaceships, nicolae_vaults_network_quinsquares
          [nicolae_vaults_network_quincunx_subvault,
          nicolae_vaults_network_quincunx_subvault,
          nicolae_vaults_network_quincunx_subvault,
          nicolae_vaults_network_quincunx_subvault],
          nicolae_vaults_twisting_passages, v_misc_30,
          nicolae_vaults_little_squares_1, v_alt_pattern_2,
          nicolae_vaults_cochlea, nicolae_vaults_double_plus_3,
          nicolae_vaults_tetromino_T_1, v_misc_9, vaults_dpeg_emergency_exit,
          vaults_dpeg_hooks, ontoclasm_vaults_decontamination,
          layout_vaults_ring, serial_shops, nicolae_shop_mannequins
Vaults:4: portal_desolation_entry_garden, vaults_dpeg_diagonal,
          nicolae_vaults_network_s, nicolae_vaults_tetromino_Z_2,
          nicolae_vaults_tetromino_L_2, vaults_room_fours,
          vaults_standard_mumra_enter_the_diamond, ontoclasm_vaults_eye,
          nicolae_vaults_crenellated_ambush, ontoclasm_vaults_fault,
          nicolae_vaults_variable_pillar_hall, layout_vaults_quadrants,
          serial_shops, shop, nicolae_shop_drivethru
Vaults:5: uniq_jory
Crypt:1:  gammafunk_sealed_library, layout_basic, hex_intersection
Depths:1: layout_small_grid, hellmouth_2, pan_entry,
          serial_sigils_hangedman_stare, kennysheep_opposing_triangles
Depths:2: nzn_winding_woodlands_stair_cross [nzn_winding_woodlands_5x15_pool,
          nzn_winding_woodlands_center_garden,
          nzn_winding_woodlands_5x15_zeroes, nzn_winding_woodlands_5x5_cross,
          nzn_winding_woodlands_5x5_three,
          nzn_winding_woodlands_5x15_pathside_ponds,
          nzn_winding_woodlands_center_triple_pond,
          nzn_winding_woodlands_5x15_longhouse], layout_gridlike,
          grunt_pan_entry_zigzag, grunt_hell_entry_dis_mu, serial_sigils,
          serial_sigils_hangedman_gnaw, serial_sigils_hangedman_shear,
          serial_sigils_hangedman_clutch, nrook_kobold_shadow_demons
Depths:3: kennysheep_blocky_hall, layout_cave_pools, enter_ziggurat_f,
          hell_entry, abyss_entry_crystal, nicolae_eternal_life
Depths:4: lemuel_castle_with_subvaults [lemuel_castle_interior_original],
          layout_cave_pools, hangedman_coc_ice_floe, grunt_decor_cap, uniq_vv
Hell
Zot:1:    layout_basic
Zot:2:    layout_concentric_octagons, zot_minivault_7, uniq_tiamat
Zot:3:    layout_misc_corridors
Zot:4:    layout_basic, lemuel_lich_library
Zot:5:    layout_misc_corridors, grunt_ministairs_12

Notes
Turn   | Place    | Note
-------+----------+-------------------------------------------
     0 | D:1      | MackTheKnife the Demonspawn Monk began the quest for the
                  | Orb.
     0 | D:1      | Reached XP level 1. HP: 18/18 MP: 1/1
     0 | D:1      | magus.rc [v1.9.6]
    60 | D:1      | You pick up a book of Scorching and begin reading...
    60 | D:1      | You add the spells Scorch, Flame Wave and Summon Cactus
                  | Giant to your library.
   155 | D:1      | Reached skill level 3 in Unarmed Combat
   235 | D:1      | Gained mutation: Your touch may inflict minor irresistible
                  | damage on your foes. [demonic ancestry]
   235 | D:1      | Reached XP level 2. HP: 23/24 MP: 2/2
   253 | D:1      | Found Qiq Won's General Store.
   263 | D:1      | Bought a scroll of identify for 28 gold pieces
  1344 | D:3      | Reached skill level 4 in Unarmed Combat
  1344 | D:3      | Reached XP level 3. HP: 12/29 MP: 3/3
  1349 | D:3      | HP: 7/29 [poisoned by an adder]
  1546 | D:3      | Noticed Ijyb
  1673 | D:3      | HP: 6/29 [Ijyb/+0 vampiric dagger (4)]
  1689 | D:3      | Killed Ijyb
  1960 | D:3      | Noticed Grinder
  1974 | D:3      | Gained mutation: You sometimes gain a little power by
                  | taking damage. [demonic ancestry]
  1974 | D:3      | Reached XP level 4. HP: 34/35 MP: 4/4
  1992 | D:3      | Killed Grinder
  1993 | D:3      | Reached skill level 6 in Unarmed Combat
  1993 | D:3      | Gained mutation: A weak demonic guardian rushes to your
                  | aid. [demonic ancestry]
  1993 | D:3      | Reached XP level 5. HP: 24/41 MP: 5/5
  1993 | D:3      | Gained mutation: You are partially covered in slimy green
                  | scales. (AC +2) [demonic ancestry]
  1993 | D:3      | Reached XP level 6. HP: 28/47 MP: 6/6
  2068 | D:3      | Found a hide-covered altar of Uskayaw.
  2105 | D:3      | Noticed Robin
  2131 | D:3      | Killed Robin
  2301 | D:3      | Noticed Jessica
  2306 | D:3      | Killed Jessica
  2461 | D:3      | You pick up a book of Conjurations {@e2} and begin
                  | reading...
  2461 | D:3      | You add the spells Magic Dart, Searing Ray and Fulminant
                  | Prism to your library.
  2965 | D:4      | Found Cucauc's Weapon Shoppe.
  3039 | D:4      | You pick up a book of Party Tricks and begin reading...
  3039 | D:4      | You add the spells Apportation and Alistair's Intoxication
                  | to your library.
  3187 | D:4      | Reached skill level 7 in Unarmed Combat
  3426 | D:5      | Entered Level 5 of the Dungeon
  3427 | D:5      | Noticed an ice beast
  3582 | D:4      | Reached XP level 7. HP: 31/52 MP: 7/7
  3595 | D:4      | Reached skill level 8 in Unarmed Combat
  3841 | D:4      | Reached skill level 3 in Dodging
  3956 | D:4      | HP: 12/52 [gnoll/+0 flail[a gnoll bouda] (3)]
  4292 | D:5      | Reached skill level 4 in Fighting
  4300 | D:5      | HP: 7/54 [poisoned by an orc wizard]
  5317 | D:6      | Reached XP level 8. HP: 60/60 MP: 8/8
  5326 | D:6      | Reached skill level 4 in Dodging
  5369 | D:6      | Found a faded altar of an unknown god.
  5376 | D:6      | Found a snail-covered altar of Cheibriados.
  5378 | D:6      | Found a faded altar of an unknown god.
  5388 | D:6      | Found an ancient bone altar of Kikubaaqudgha.
  5489 | D:6      | Prayed at the altar of an unknown god.
  5489 | D:6      | Became a worshipper of Uskayaw the Reveller
  5489 | D:6      | Reached * piety under Uskayaw
  5489 | D:6      | Reached ** piety under Uskayaw
  5567 | D:6      | Noticed Maggie
  5576 | D:6      | Reached *** piety under Uskayaw
  5577 | D:6      | Killed Maggie
  5578 | D:6      | Reached skill level 5 in Fighting
  5769 | D:6      | Reached skill level 5 in Dodging
  5842 | D:6      | HP: 15/63 [poisoned by a gnoll sergeant]
  6009 | D:6      | Found a staircase to the Ecumenical Temple.
  6204 | D:6      | You fall into a shaft and drop 2 floors!
  6218 | D:8      | You pick up a book of Sloth and begin reading...
  6218 | D:8      | You add the spells Petrify, Metabolic Englaciation and
                  | Statue Form to your library.
  6273 | D:8      | Found Keyfi's Weapon Boutique.
  6346 | D:8      | Found Topri's Weapon Shoppe.
  6375 | D:8      | Reached skill level 6 in Fighting
  6519 | D:7      | You pick up a book of Lightning and begin reading...
  6519 | D:7      | You add the spells Vhi's Electric Charge, Arcjolt and
                  | Plasma Beam to your library.
  6569 | D:7      | Reached skill level 6 in Dodging
  6571 | D:7      | Reached **** piety under Uskayaw
  6572 | D:7      | Reached XP level 9. HP: 49/71 MP: 9/9
  6575 | D:7      | Reached ***** piety under Uskayaw
  6576 | D:7      | Reached skill level 7 in Fighting
  6751 | D:7      | Reached skill level 7 in Dodging
  6864 | D:7      | Reached skill level 8 in Fighting
  7167 | D:7      | Noticed a deep elf pyromancer
  7169 | D:7      | Noticed a cyclops
  7172 | D:7      | Killed a deep elf pyromancer
  7173 | D:7      | Reached skill level 8 in Dodging
  7173 | D:7      | Killed a cyclops
  7173 | D:7      | Noticed a boulder beetle
  7174 | D:7      | Reached skill level 9 in Unarmed Combat
  7174 | D:7      | Reached XP level 10. HP: 54/82 MP: 10/10
  7246 | D:6      | Found a shadowy altar of Dithmenos.
  7345 | D:6      | You pick up a book of Conjurations {@e2} and begin
                  | reading...
  7752 | D:7      | Killed a boulder beetle
  7753 | D:7      | Reached skill level 10 in Unarmed Combat
  7850 | D:7      | You pick up a book of Iron and begin reading...
  7850 | D:7      | You add the spells Summon Lightning Spire, Animate Armour
                  | and Blade Hands to your library.
  7947 | D:8      | Found a shimmering altar of Xom.
  8122 | D:8      | Found a shimmering blue altar of Sif Muna.
  8122 | D:8      | Found a bloodstained altar of Trog.
  8239 | D:8      | Found Kyxegric's General Store.
  8511 | D:8      | Found an ornate altar of the Wu Jian Council.
  8736 | D:9      | Reached skill level 11 in Unarmed Combat
  8775 | D:9      | You pick up a book of Minor Magic and begin reading...
  8775 | D:9      | You add the spells Call Imp and Mephitic Cloud to your
                  | library.
  9080 | D:9      | Found a broken altar of Ashenzari.
  9472 | D:9      | Noticed a red ugly thing
  9472 | D:9      | Noticed a manticore
  9483 | D:9      | Noticed a boulder beetle
  9484 | D:9      | Reached skill level 12 in Unarmed Combat
  9490 | D:9      | Killed a red ugly thing
  9491 | D:9      | Reached XP level 11. HP: 63/87 MP: 11/11
  9495 | D:9      | Reached ****** piety under Uskayaw
  9503 | D:9      | Killed a boulder beetle
  9726 | D:9      | You pick up a book of Displacement and begin reading...
  9726 | D:9      | You add the spells Lesser Beckoning, Gell's Gravitas and
                  | Teleport Other to your library.
  9864 | D:10     | Entered Level 10 of the Dungeon
  9892 | D:10     | Noticed Joseph
  9892 | D:10     | Noticed a boulder beetle
  9892 | D:10     | Found a staircase to the Orcish Mines.
  9988 | D:10     | Reached skill level 13 in Unarmed Combat
 10003 | D:10     | Found a burning altar of Makhleb.
 10029 | D:10     | Found a corrupted altar of Lugonu.
 10057 | D:10     | Killed Joseph
 10058 | D:10     | Reached skill level 2 in Invocations
 10089 | D:10     | Reached skill level 3 in Invocations
 10167 | D:10     | Reached skill level 4 in Invocations
 10215 | D:10     | Killed a boulder beetle
 10216 | D:10     | Reached skill level 5 in Invocations
 10288 | D:10     | Reached skill level 6 in Invocations
 10364 | D:10     | Noticed a five-headed hydra
 10387 | Orc:1    | Entered Level 1 of the Orcish Mines
 10392 | Orc:1    | Reached skill level 7 in Invocations
 10566 | Orc:2    | Entered Level 2 of the Orcish Mines
 10566 | Orc:2    | Found Vipeujiw's Armour Shop.
 10568 | Orc:2    | Found a staircase to the Elven Halls.
 10624 | Orc:2    | Found Sehoopof's Weapon Shoppe.
 10775 | D:8      | Bought the ring "Nenirgh" {*Corrode rN+ Will+ Dex+4 Slay+5}
                  | for 789 gold pieces
 10875 | D:10     | Reached skill level 8 in Invocations
 10938 | D:10     | Found a portal to a secret trove of treasure.
 10941 | D:10     | This trove needs the horn of Geryon to function. Give it
                  | the item?
 11036 | D:10     | Killed a five-headed hydra
 11037 | D:10     | Reached skill level 9 in Invocations
 11162 | D:10     | Found a hazy altar of Hepliaklqana.
 11306 | D:11     | Reached skill level 10 in Invocations
 11313 | D:11     | Reached XP level 12. HP: 82/94 MP: 19/19
 11392 | D:11     | Found Halaitef's Antique Armour Shop.
 11443 | D:11     | Found a staircase to the Lair.
 11586 | D:11     | Reached skill level 11 in Invocations
 11704 | D:11     | Reached skill level 12 in Invocations
 11871 | Lair:1   | Entered Level 1 of the Lair of Beasts
 11878 | Lair:1   | Reached skill level 1 in Armour
 12029 | Lair:1   | Reached skill level 2 in Armour
 12143 | Lair:1   | Reached skill level 9 in Fighting
 12395 | Lair:1   | Identified a scroll of acquirement
 12398 | Lair:1   | Acquired the +11 chain mail of Zawof {+Blink rC++ Regen+
                  | Int-4}
 12451 | Lair:1   | Reached skill level 3 in Armour
 12465 | Lair:1   | Reached skill level 4 in Armour
 12471 | Lair:1   | You pick up a book of the Earth and begin reading...
 12471 | Lair:1   | You add the spells Leda's Liquefaction, Lee's Rapid
                  | Deconstruction and Leda's Unmaking to your library.
 12850 | Lair:2   | Reached skill level 5 in Armour
 12941 | Lair:2   | Reached skill level 6 in Armour
 13063 | Lair:2   | Reached skill level 7 in Armour
 13096 | Lair:2   | Noticed a seven-headed hydra
 13116 | Lair:2   | Killed a seven-headed hydra
 13161 | Lair:2   | Reached skill level 8 in Armour
 13242 | Lair:2   | Found a staircase to the Snake Pit.
 13248 | Lair:2   | Gained mutation: You sometimes gain power by taking damage.
                  | [demonic ancestry]
 13248 | Lair:2   | Reached XP level 13. HP: 87/101 MP: 22/22
 13882 | Lair:3   | Reached skill level 10 in Fighting
 14007 | Lair:3   | Reached skill level 11 in Fighting
 14161 | Lair:3   | Reached skill level 12 in Fighting
 14172 | Lair:3   | Reached skill level 1 in Evocations
 14325 | Lair:3   | Reached skill level 2 in Evocations
 14337 | Lair:3   | Reached skill level 3 in Evocations
 14733 | Lair:3   | Found a staircase to the Swamp.
 14740 | Lair:3   | Reached skill level 4 in Evocations
 14788 | Lair:4   | Reached skill level 5 in Evocations
 14860 | Lair:4   | Reached skill level 6 in Evocations
 14953 | Lair:4   | Reached skill level 7 in Evocations
 15649 | Lair:5   | Entered Level 5 of the Lair of Beasts
 15658 | Lair:5   | Reached skill level 8 in Evocations
 15670 | Lair:4   | Reached XP level 14. HP: 90/115 MP: 23/23
 15700 | Lair:5   | Found a staircase to the Slime Pits.
 15839 | Lair:5   | You pick up a book of the Senses and begin reading...
 15839 | Lair:5   | You add the spells Dazzling Flash, Agony and Silence to
                  | your library.
 15953 | Lair:5   | Paralysed by a hornet for 2 turns
 15959 | Lair:5   | Paralysed by a hornet for 3 turns
 16074 | Lair:5   | Found a stormy altar of Qazlal.
 16260 | Lair:5   | You pick up a book of Minor Magic and begin reading...
 16363 | Lair:5   | Reached skill level 9 in Armour
 16363 | Lair:5   | Reached skill level 9 in Dodging
 16757 | Orc:2    | Found Real's Antique Weapon Boutique.
 16768 | Orc:2    | Found Edyopn's Antique Weapon Shoppe.
 16775 | Orc:2    | Found Xaoh's Weapon Shoppe.
 16781 | Orc:2    | Found Yhirphiep's Weapon Boutique.
 16858 | Orc:2    | Noticed Saint Roka
 16949 | D:12     | Found a shimmering altar of Xom.
 16949 | D:12     | Found a shimmering altar of Xom.
 17055 | D:12     | Reached skill level 10 in Armour
 17055 | D:12     | Reached skill level 10 in Dodging
 17703 | D:12     | Reached skill level 14 in Unarmed Combat
 18204 | D:13     | Gained mutation: Your touch may inflict irresistible damage
                  | on your foes. [demonic ancestry]
 18204 | D:13     | Reached XP level 15. HP: 95/120 MP: 24/24
 18224 | D:13     | You pick up a book of the Dragon and begin reading...
 18224 | D:13     | You add the spells Cause Fear, Dragon Form and Dragon's
                  | Call to your library.
 18295 | D:13     | Found a gate to the Vaults.
 18388 | D:13     | Reached skill level 15 in Unarmed Combat
 18639 | D:14     | Found a snail-covered altar of Cheibriados.
 18654 | D:14     | Noticed Kirke
 18668 | D:14     | Killed Kirke
 19149 | D:14     | Noticed Jorgrun
 19162 | D:14     | Killed Jorgrun
 19266 | D:14     | You add the spells Ignite Poison, Sticky Flame and Ignition
                  | to your library.
 19495 | D:15     | Entered Level 15 of the Dungeon
 19650 | D:15     | Reached skill level 16 in Unarmed Combat
 19821 | D:15     | Found Wofra's Jewellery Shop.
 20223 | D:15     | Found a staircase to the Depths.
 20339 | D:15     | Bought the ring "Venysamm" {rElec MP+9} for 578 gold pieces
 20493 | Snake:1  | Entered Level 1 of the Snake Pit
 20543 | Snake:1  | You fall into a shaft and drop 1 floor!
 20629 | Snake:2  | Noticed Mlioglotl
 20645 | Snake:2  | Killed Mlioglotl
 20646 | Snake:2  | Reached skill level 17 in Unarmed Combat
 21329 | Snake:2  | Reached skill level 13 in Fighting
 21670 | Snake:2  | Gained mutation: Your touch may irresistibly damage your
                  | foes and sap their willpower. [demonic ancestry]
 21670 | Snake:2  | Reached XP level 16. HP: 131/131 MP: 25/25
 22177 | Snake:1  | Reached skill level 14 in Fighting
 22875 | Snake:1  | You add the spells Tukima's Dance, Passage of Golubria and
                  | Yara's Violent Unravelling to your library.
 23243 | Snake:3  | Found Histre's Book Emporium.
 23243 | Snake:3  | Found Buulijoa's Jewellery Boutique.
 23245 | Snake:3  | Found Naptue's Jewellery Boutique.
 23666 | Snake:3  | You pick up a book of Conjurations {@e2} and begin
                  | reading...
 23765 | Snake:3  | Reached skill level 15 in Fighting
 24267 | Snake:4  | Entered Level 4 of the Snake Pit
 24499 | Snake:4  | Noticed Mara
 24648 | Swamp:1  | Entered Level 1 of the Swamp
 24793 | Swamp:1  | Reached skill level 16 in Fighting
 25011 | Swamp:1  | Identified the +2 scale mail "Eqocwius" {rC- rCorr Int+2}
 25651 | Swamp:2  | Reached skill level 17 in Fighting
 25661 | Swamp:2  | Noticed a tentacled monstrosity
 25674 | Swamp:2  | Killed a tentacled monstrosity
 26096 | Swamp:3  | Gained mutation: You are mostly covered in slimy green
                  | scales. (AC +3) [demonic ancestry]
 26096 | Swamp:3  | Reached XP level 17. HP: 146/147 MP: 26/26
 26706 | Swamp:4  | Entered Level 4 of the Swamp
 26776 | Swamp:3  | Reached skill level 11 in Armour
 26776 | Swamp:3  | Reached skill level 11 in Dodging
 27018 | Orc:2    | HP: 30/147 [Saint Roka/+0 battleaxe (23)]
 27041 | Orc:2    | Killed Saint Roka
 27175 | Orc:2    | Noticed Erolcha
 27181 | Orc:2    | Killed Erolcha
 27285 | Orc:2    | Found Kyuwanic's Weapon Shop.
 27864 | Elf:1    | Entered Level 1 of the Elven Halls
 27868 | Elf:1    | Paralysed by an air elemental for 1 turns
 27872 | Elf:1    | Paralysed by an air elemental for 1 turns
 28088 | Elf:1    | Reached skill level 18 in Unarmed Combat
 28278 | Elf:1    | Paralysed by an air elemental for 1 turns
 28283 | Elf:1    | Paralysed by an air elemental for 1 turns
 28629 | Elf:1    | Paralysed by an air elemental for 1 turns
 28987 | Elf:2    | Found Egisul's Book Boutique.
 29084 | Elf:2    | Reached skill level 19 in Unarmed Combat
 29119 | Elf:2    | Found a runed translucent gate.
 29132 | Elf:2    | Found a runed translucent gate.
 29133 | Elf:2    | Found a runed translucent gate.
 29184 | Elf:2    | Gained mutation: You are powered by pain. [demonic
                  | ancestry]
 29184 | Elf:2    | Reached XP level 18. HP: 126/154 MP: 27/27
 29654 | Elf:3    | Entered Level 3 of the Elven Halls
 30063 | Elf:3    | You are cast into the Abyss!
 30063 | Abyss:4  | Cast into level 4 of the Abyss (a deep elf sorcerer)
 30091 | Abyss:4  | Reached skill level 20 in Unarmed Combat
 30114 | Abyss:4  | Noticed a tentacled monstrosity
 30116 | Abyss:4  | Noticed a tentacled monstrosity
 30122 | Abyss:4  | Got an abyssal rune of Zot
 30188 | Elf:3    | You pass through the gate.
 30188 | Elf:3    | Escaped the Abyss
 30188 | Elf:3    | Identified the ring of Knowledge {AC+4 Str+3}
 30417 | Vaults:1 | Entered Level 1 of the Vaults
 30992 | Vaults:1 | Reached skill level 21 in Unarmed Combat
 31783 | Snake:3  | Bought the ring of Yendor {rElec rF+ rC++ Str+6} for 1266
                  | gold pieces
 31807 | Snake:4  | Noticed MackTheKnife's illusion
 31853 | Snake:4  | Noticed Aizul
 32038 | Swamp:4  | Reached skill level 12 in Dodging
 32384 | Swamp:4  | Got a decaying rune of Zot
 32453 | Swamp:4  | You pick up a book of the Spheres and begin reading...
 32453 | Swamp:4  | You add the spells Iskenderun's Battlesphere, Fireball,
                  | Conjure Ball Lightning and Orb of Destruction to your
                  | library.
 32939 | Snake:3  | Killed Aizul
 32940 | Snake:3  | Reached skill level 13 in Dodging
 32940 | Snake:3  | Gained mutation: A demonic guardian rushes to your aid.
                  | [demonic ancestry]
 32940 | Snake:3  | Reached XP level 19. HP: 141/161 MP: 17/28
 33052 | Snake:4  | Killed Mara
 33780 | Vaults:1 | Reached skill level 14 in Dodging
 33928 | Vaults:2 | Paralysed by a formless jellyfish for 1 turns
 34219 | Depths:1 | Entered Level 1 of the Depths
 34394 | Depths:1 | Reached skill level 15 in Dodging
 34642 | Depths:1 | Identified the +5 flail of Umasoch {antimagic, Dex+7}
 34769 | Depths:1 | HP: 15/161 [spriggan berserker (illusionary)/+0 war axe
                  | (29)]
 34980 | Depths:1 | Reached skill level 12 in Armour
 35054 | Depths:1 | Found a one-way gate leading to the halls of Pandemonium.
 35062 | Depths:1 | You pick up a book of Rime and begin reading...
 35062 | Depths:1 | You add the spells Frozen Ramparts, Ice Form and Summon Ice
                  | Beast to your library.
 35070 | Depths:1 | Identified the +1 arbalest of the Reaper {penet, rPois
                  | Str+3}
 35277 | Depths:2 | Noticed a caustic shrike
 35683 | Snake:3  | HP: 36/161 [poisoned by a naga ritualist (toxic radiance)]
 36047 | Snake:4  | Identified the +1 chain mail of Ughe {Fly}
 36113 | Snake:4  | Reached skill level 13 in Armour
 36194 | Snake:4  | Noticed Nikola
 36200 | Snake:4  | Killed Nikola
 36317 | Snake:4  | Reached XP level 20. HP: 168/168 MP: 29/29
 36345 | Snake:4  | Reached skill level 14 in Armour
 36416 | Snake:4  | Got a serpentine rune of Zot
 37148 | Vaults:2 | Noticed Zenata
 37154 | Vaults:2 | Zenata changed into Zenata the emperor scorpion
 37154 | Vaults:2 | Noticed Zenata
 37165 | Vaults:1 | Killed Zenata the emperor scorpion
 37239 | Vaults:2 | You pick up a book of Power and begin reading...
 37248 | Vaults:2 | Noticed Boris
 37262 | Vaults:2 | Killed Boris
 37598 | Vaults:1 | Reached skill level 15 in Armour
 37886 | Vaults:2 | Found a staircase to the Crypt.
 38074 | Vaults:2 | Reached skill level 18 in Fighting
 38141 | Vaults:2 | Found Dupecwom's Book Emporium.
 38180 | Vaults:2 | Bought a book of Blood for 420 gold pieces
 38180 | Vaults:2 | You pick up a book of Blood and begin reading...
 38180 | Vaults:2 | You add the spells Sublimation of Blood, Wereblood and
                  | Summon Hydra to your library.
 38183 | Vaults:2 | Learned a level 2 spell: Wereblood
 38234 | Vaults:2 | Reached skill level 1 in Spellcasting
 38234 | Vaults:2 | Reached skill level 1 in Transmutations
 38274 | Vaults:2 | Reached skill level 2 in Spellcasting
 38274 | Vaults:2 | Reached skill level 2 in Transmutations
 38593 | Vaults:3 | Reached skill level 3 in Spellcasting
 38593 | Vaults:3 | Reached skill level 3 in Transmutations
 38809 | Vaults:3 | Reached skill level 4 in Spellcasting
 38809 | Vaults:3 | Reached skill level 4 in Transmutations
 38876 | Vaults:3 | Noticed Boris
 38897 | Vaults:3 | Killed Boris
 38973 | Vaults:3 | Reached skill level 5 in Spellcasting
 38973 | Vaults:3 | Reached skill level 5 in Transmutations
 39084 | Vaults:3 | Gained mutation: Your presence sometimes corrodes those you
                  | injure. [demonic ancestry]
 39084 | Vaults:3 | Reached XP level 21. HP: 171/177 MP: 30/30
 39147 | Vaults:3 | Reached skill level 6 in Transmutations
 39436 | Vaults:3 | Reached skill level 7 in Transmutations
 39445 | Vaults:3 | You pick up a book of Misfortune and begin reading...
 39445 | Vaults:3 | You add the spells Inner Flame and Enfeeble to your
                  | library.
 39630 | Vaults:3 | Reached skill level 8 in Transmutations
 39734 | Vaults:3 | Found Raxtidd's Armour Shoppe.
 39734 | Vaults:3 | Identified +0 pearl dragon scales
 39882 | Vaults:4 | Found Aqerhouj's Jewellery Boutique.
 39888 | Vaults:4 | magus.rc [v1.9.6]
 39935 | Vaults:4 | Reached skill level 1 in Stealth
 39947 | Vaults:4 | Reached skill level 2 in Stealth
 39989 | Vaults:4 | Reached skill level 3 in Stealth
 40008 | Vaults:4 | Reached skill level 4 in Stealth
 40028 | Vaults:4 | Found a crumbling gateway.
 40037 | Desolati | Entered the Desolation of Salt
 40070 | Desolati | Reached skill level 5 in Stealth
 40134 | Desolati | Reached skill level 6 in Stealth
 40339 | Desolati | Reached skill level 7 in Stealth
 40403 | Desolati | Identified the ring of Lithuo Iwne {rC+ AC+4 Int+3 Dex+2}
 40407 | Desolati | Identified the +5 long sword of the Loving Gnat {venom,
                  | rPois rCorr Str+2 Dex-5}
 40456 | Desolati | You add the spells Storm Form and Necromutation to your
                  | library.
 40456 | Desolati | Got Wisos's Volume of Poison and Transmogrification
 40461 | Desolati | Got the Tome of the Catfish
 40479 | Desolati | Reached skill level 8 in Stealth
 40596 | Desolati | Identified the ring "Jiuguen" {Wiz Int+2}
 40614 | Desolati | Identified the +1 plate armour "Joisuhuw" {rElec Will-
                  | rCorr Slay+3}
 41138 | Vaults:4 | Reached skill level 19 in Fighting
 41157 | Vaults:4 | You pick up a book of Rime and begin reading...
 41259 | Vaults:4 | Found a transporter.
 41264 | Vaults:4 | Found Juffy's Distillery.
 41267 | Vaults:4 | Found a transporter.
 41272 | Vaults:4 | Bought a potion of heal wounds for 55 gold pieces
 41272 | Vaults:4 | Bought a potion of mutation for 88 gold pieces
 41275 | Vaults:4 | Gained mutation: You have a pair of small antennae on your
                  | head. [potion of mutation]
 41275 | Vaults:4 | Gained mutation: You sometimes lose your temper in combat.
                  | [potion of mutation]
 41275 | Vaults:4 | Gained mutation: Your system is resistant to poisons.
                  | (rPois) [potion of mutation]
 41276 | Vaults:4 | Lost mutation: You sometimes lose your temper in combat.
                  | [potion of mutation]
 41276 | Vaults:4 | Lost mutation: Your system is resistant to poisons. (rPois)
                  | [potion of mutation]
 41276 | Vaults:4 | Gained mutation: You are strong-willed. (Will+) [potion of
                  | mutation]
 41276 | Vaults:4 | Gained mutation: You are frail. (-10% HP) [potion of
                  | mutation]
 41277 | Vaults:4 | Lost mutation: You have a pair of small antennae on your
                  | head. [potion of mutation]
 41277 | Vaults:4 | Lost mutation: You are frail. (-10% HP) [potion of
                  | mutation]
 41277 | Vaults:4 | Lost mutation: You are strong-willed. (Will+) [potion of
                  | mutation]
 41277 | Vaults:4 | Gained mutation: You have an increased reservoir of magic.
                  | (+10% MP) [potion of mutation]
 41277 | Vaults:4 | Gained mutation: Your body sometimes deteriorates upon
                  | taking damage. [potion of mutation]
 41277 | Vaults:4 | Gained mutation: You occasionally lose the ability to read
                  | scrolls when taking damage. [potion of mutation]
 41277 | Vaults:4 | Gained mutation: You are agile. (Dex +4, Str/Int -1)
                  | [potion of mutation]
 41278 | Vaults:4 | Lost mutation: Your body sometimes deteriorates upon taking
                  | damage. [potion of mutation]
 41278 | Vaults:4 | Lost mutation: You occasionally lose the ability to read
                  | scrolls when taking damage. [potion of mutation]
 41278 | Vaults:4 | Gained mutation: Your mind is acute. (Int +4, Str/Dex -1)
                  | [potion of mutation]
 42575 | Depths:2 | Noticed a juggernaut
 42602 | Depths:2 | Killed a caustic shrike
 42717 | Depths:2 | Reached XP level 22. HP: 181/190 MP: 18/34
 42718 | Depths:2 | Reached skill level 20 in Fighting
 43044 | Depths:2 | You add the spells Foxfire, Vampiric Draining, Death
                  | Channel and Fire Storm to your library.
 43044 | Depths:2 | Got Wythre's Secrets of Sciomancy and Flame
 43300 | Depths:2 | Killed a juggernaut
 43303 | Depths:2 | Reached skill level 22 in Unarmed Combat
 43757 | Depths:2 | Found a gateway to Hell.
 44026 | Depths:3 | You pick up a book of Armaments and begin reading...
 44026 | Depths:3 | You add the spells Stone Arrow and Lehudib's Crystal Spear
                  | to your library.
 44055 | Depths:3 | Found a one-way gateway to a ziggurat.
 44158 | Depths:3 | quicksilver dragon scales {rare}; a quicksilver dragon
                  | corpse; a deep troll corpse
 44241 | Depths:3 | Found a one-way gate to the infinite horrors of the Abyss.
 44552 | Depths:3 | You pick up a book of the Moon and begin reading...
 44698 | Depths:4 | Entered Level 4 of the Depths
 44716 | Depths:4 | Noticed Vv
 44716 | Depths:4 | Noticed a golden dragon
 44723 | Depths:4 | Reached skill level 23 in Unarmed Combat
 44729 | Depths:4 | Killed Vv
 44744 | Depths:4 | Killed a golden dragon
 44857 | Depths:3 | HP: 42/190 [poisoned by a green very ugly thing]
 44859 | Depths:3 | HP: 16/190 [poisoned by a green very ugly thing]
 44947 | Depths:4 | Noticed a juggernaut
 45085 | Depths:4 | Killed a juggernaut
 45375 | Depths:4 | Gained mutation: You are completely covered in slimy green
                  | scales. (AC +4, rPois) [demonic ancestry]
 45375 | Depths:4 | Reached XP level 23. HP: 196/196 MP: 35/35
 45573 | Depths:4 | Reached skill level 24 in Unarmed Combat
 45589 | Depths:4 | Identified +0 gold dragon scales
 45614 | Depths:4 | Found a gate to the Realm of Zot.
 46143 | Depths:4 | Identified the +9 morningstar of Loumpi {drain, rPois rC+
                  | Will- Dex+4}
 46189 | Depths:4 | U - quicksilver dragon scales {rare}
 46234 | Depths:4 | You finish putting on your quicksilver dragon scales
                  | {rare}.
 46853 | Vaults:5 | Entered Level 5 of the Vaults
 46885 | Vaults:5 | Reached skill level 25 in Unarmed Combat
 47063 | Vaults:5 | magus.rc [v1.9.6]
 47390 | Vaults:5 | Reached skill level 16 in Dodging
 47476 | Vaults:5 | You pick up a book of Chaos and begin reading...
 47476 | Vaults:5 | You add the spells Disjunction and Discord to your library.
 47479 | Vaults:5 | Identified the staff of poison "Kutsyu" {*Slow rPois rC+
                  | Str+3 Dex+3}
 47523 | Vaults:5 | Noticed an ancient lich
 47538 | Vaults:5 | Killed an ancient lich
 47664 | Vaults:5 | Identified the amulet "Geujy" {Acrobat Fragile Regen+
                  | Int+3}
 47687 | Vaults:5 | Got Ejijot's Verses on the Fjord
 47773 | Vaults:5 | Reached skill level 17 in Dodging
 47782 | Vaults:5 | Identified the +8 quarterstaff of Bedazzled Absolution
                  | {holy, rPois rF++ MP+9 Stlth+}
 47797 | Vaults:5 | Noticed Jory
 47807 | Vaults:5 | Killed Jory
 47808 | Vaults:5 | Gained mutation: Your presence sometimes corrodes or
                  | deforms those you injure. [demonic ancestry]
 47808 | Vaults:5 | Reached XP level 24. HP: 201/204 MP: 27/35
 47819 | Vaults:5 | Got Ciakeull's Codex of Frigid Misfortune
 47843 | Vaults:5 | You add the spells Sting, Poisonous Vapours and Olgreb's
                  | Toxic Radiance to your library.
 47874 | Vaults:5 | You pick up a book of Touch and begin reading...
 47874 | Vaults:5 | You add the spells Kiss of Death and Dispel Undead to your
                  | library.
 48283 | Vaults:5 | Got a silver rune of Zot
 48330 | Vaults:5 | Noticed an ancient lich
 48341 | Vaults:5 | Killed an ancient lich
 48342 | Vaults:5 | Reached skill level 18 in Dodging
 48629 | Vaults:5 | Identified the +7 sling of Peliocw {drain, *Corrode rPois
                  | rC++ Stlth+}
 48774 | Vaults:5 | You pick up a book of Spatial Translocations and begin
                  | reading...
 48774 | Vaults:5 | You add the spells Blink and Momentum Strike to your
                  | library.
 48776 | Vaults:5 | Identified the +2 trident of Pomigas {heavy, *Slow Str+8
                  | Dex-2 SInv}
 49051 | D:15     | Identified the +4 ring mail "Zagobr Wizy" {rN+}
 49349 | Elf:3    | Acquired a manual of Earth Magic
 49418 | Elf:3    | Identified the +3 morningstar of Chance {drain, *Noise
                  | Int+5}
 49641 | Elf:3    | Found Jeruits's Antique Weapon Shop.
 49679 | Elf:3    | Identified the +4 hand axe of Prudence {spect, rPois rN+
                  | rCorr Str+3}
 49832 | Elf:3    | Identified the +6 quarterstaff "Boiwunom" {venom, rElec
                  | Str+4 Dex+3}
 49961 | Elf:3    | You pick up a book of the Warp and begin reading...
 49965 | Elf:3    | Identified a +2 robe of the Archmagi
 49976 | Elf:3    | You pick up a book of Minor Magic and begin reading...
 49983 | Elf:3    | You add the spells Ensorcelled Hibernation and Ozocubu's
                  | Armour to your library.
 49983 | Elf:3    | Got the Anthology of Congelation and Arcane Weapons
 49999 | Elf:3    | You pick up a book of Power and begin reading...
 50034 | Elf:3    | Found the +27 heavy crossbow "Sniper" {heavy, Acc+∞ SInv}
 50089 | Elf:3    | You pick up a book of Necromancy and begin reading...
 50550 | Depths:4 | +0 gold dragon scales {rare}; a +0 hand axe {axe}
 50550 | Depths:4 | S - +0 gold dragon scales {rare}
 50556 | Depths:4 | You finish taking off your quicksilver dragon scales
                  | {rare}.
 50561 | Depths:4 | You finish putting on your +0 gold dragon scales {rare}.
 50566 | Depths:4 | You finish taking off your +0 gold dragon scales {rare}.
 50571 | Depths:4 | You finish putting on your quicksilver dragon scales
                  | {rare}.
 50571 | Depths:4 | You drop +0 gold dragon scales {rare}.
 50626 | Hell     | Entered the Vestibule of Hell
 50627 | Hell     | Noticed Geryon
 50646 | Hell     | Reached skill level 19 in Dodging
 50655 | Hell     | Killed Geryon
 50961 | D:10     | This trove needs the horn of Geryon to function. Give it
                  | the item?
 50961 | D:10     | You paid a toll of the horn of Geryon to enter a treasure
                  | trove
 50962 | Trove    | Entered a treasure trove
 50992 | Trove    | Identified the amulet of Neurosis {Faith rC+++ rN+ Will+
                  | Str-3}
 50994 | Trove    | Identified the amulet "Naskadgh" {Acrobat Dex+6}
 50996 | Trove    | Identified the amulet "Worhioli" {Acrobat Rampage rC++
                  | Str-3 Stlth+}
 51288 | Crypt:1  | Entered Level 1 of the Crypt
 51676 | Zot:1    | Entered Level 1 of the Realm of Zot
 51800 | Zot:2    | You pick up a book of the Warp and begin reading...
 51840 | Zot:2    | +0 storm dragon scales {rare}; a storm dragon corpse
 51842 | Zot:2    | quicksilver dragon scales {rare}; a quicksilver dragon
                  | corpse
 51860 | Zot:2    | +0 storm dragon scales {rare}; a storm dragon corpse
 52130 | Zot:1    | magus.rc [v1.9.6]
 52201 | Zot:1    | Reached skill level 20 in Dodging
 52375 | Zot:2    | Reached skill level 9 in Evocations
 52380 | Zot:2    | +0 shadow dragon scales {rare}; a shadow dragon corpse
 52409 | Zot:2    | +0 shadow dragon scales {rare}; a shadow dragon corpse
 52409 | Zot:2    | q - +0 shadow dragon scales {rare}
 52422 | Zot:1    | You finish taking off your quicksilver dragon scales
                  | {rare}.
 52427 | Zot:1    | You finish putting on your +0 shadow dragon scales {rare}.
 52432 | Zot:1    | You finish taking off your +0 shadow dragon scales {rare}.
 52437 | Zot:1    | You finish putting on your quicksilver dragon scales
                  | {rare}.
 52448 | Zot:2    | +0 storm dragon scales {rare}; a +0 war axe {axe}; a storm
                  | dragon skeleton
 52477 | Zot:2    | quicksilver dragon scales {rare}; a quicksilver dragon
                  | corpse
 52477 | Zot:2    | Noticed a curse toe
 52488 | Zot:2    | Reached skill level 10 in Evocations
 52493 | Zot:2    | quicksilver dragon scales {rare}; a quicksilver dragon
                  | corpse
 52801 | Zot:2    | Killed a curse toe
 52803 | Zot:2    | quicksilver dragon scales {rare}; a quicksilver dragon
                  | skeleton
 52826 | Zot:2    | +0 shadow dragon scales {rare}; a shadow dragon corpse
 53058 | Zot:5    | Entered Level 5 of the Realm of Zot
 53058 | Zot:5    | Noticed a curse toe
 53065 | Zot:5    | Killed a curse toe
 53066 | Zot:5    | Reached skill level 11 in Evocations
 53347 | Zot:5    | Gained mutation: You can speak a Word of Chaos. [demonic
                  | ancestry]
 53347 | Zot:5    | Reached XP level 25. HP: 210/210 MP: 35/35
 53393 | Zot:5    | Noticed an electric golem
 53410 | Zot:5    | Killed an electric golem
 53411 | Zot:5    | Reached skill level 12 in Evocations
 53650 | Zot:5    | magus.rc [v1.9.6]
 53670 | Zot:5    | Noticed a curse toe
 53676 | Zot:5    | Killed a curse toe
 53676 | Zot:5    | Noticed a curse toe
 53869 | Zot:5    | Noticed an ancient lich
 53872 | Zot:5    | Noticed a Killer Klown
 53878 | Zot:5    | Killed an ancient lich
 53884 | Zot:5    | Reached skill level 13 in Evocations
 53884 | Zot:5    | Noticed a dread lich
 53919 | Zot:5    | Killed a dread lich
 53938 | Zot:5    | Noticed a Killer Klown
 53941 | Zot:5    | Killed a Killer Klown
 53950 | Zot:5    | Killed a Killer Klown
 53971 | Zot:5    | Noticed a Killer Klown
 53977 | Zot:5    | Killed a curse toe
 53978 | Zot:5    | Reached skill level 14 in Evocations
 53995 | Zot:5    | Noticed an electric golem
 54000 | Zot:5    | Killed a Killer Klown
 54001 | Zot:5    | Noticed an orb of fire
 54005 | Zot:5    | Killed an orb of fire
 54029 | Zot:5    | Reached skill level 15 in Evocations
 54034 | Zot:5    | Killed an electric golem
 54117 | Zot:5    | Got the Orb of Zot
 54134 | Zot:5    | Noticed a Killer Klown
 54152 | Zot:5    | Noticed a Killer Klown
 54166 | Zot:5    | Killed a Killer Klown
 54167 | Zot:5    | Reached skill level 16 in Evocations
 54232 | Zot:2    | +0 shadow dragon scales {rare}; a shadow dragon skeleton
 54761 | D:$      | Escaped with the Orb!

Vanquished Creatures
  A dread lich (Zot:5)
  An orb of fire (Zot:5)
  3 ancient liches
  Mara (Snake:4)
  2 juggernauts
  Boris (twice) (Vaults:2 Vaults:3)
  Vv (Depths:4)
  Saint Roka (Orc:2)
  3 Killer Klowns (Zot:5)
  4 curse toes
  A caustic shrike (Depths:2)
  Geryon (Hell)
  9 golden dragons
  Nikola (Snake:4)
  Jory (Vaults:5)
  2 electric golems (Zot:5)
  Jorgrun (D:14)
  10 tentacled monstrosities
  An Ice Fiend (D:13)
  A Hell Sentinel (D:1)
  22 Orb Guardians
  2 liches
  2 deep elf blademasters
  4 titans
  Mlioglotl (Snake:2)
  7 quicksilver dragons
  A walking frostbound tome (Depths:3)
  2 deep elf master archers (Elf:3)
  10 tengu reavers
  8 death cobs
  5 sphinxes
  2 thorn hunters
  Kirke (D:14)
  13 storm dragons
  8 shadow dragons
  4 nagarajas (Snake:4)
  4 draconian scorchers
  Aizul (Snake:3)
  3 draconian knights
  7 draconian monks
  5 fire giants
  6 deep elf sorcerers (Elf:3)
  13 frost giants
  A balrug (Depths:1)
  An emperor scorpion (Vaults:1)
  15 vault wardens
  A ghost moth (Zot:5)
  2 cacodemons
  2 iron dragons (Vaults:5)
  A juggernaut zombie (Depths:1)
  2 draconian stormcallers
  4 orc warlords
  3 formless jellyfish
  19 ironbound preservers
  3 war gargoyles
  3 spriggan defenders
  3 deep elf elementalists (Elf:3)
  4 draconian annihilators
  21 very ugly things
  A draconian shifter (Zot:2)
  6 ironbound thunderhulks
  5 ghouls
  12 stone giants
  8 green draconians
  4 deep elf demonologists
  8 black draconians
  A vampire knight (Depths:2)
  2 eleionomae
  A lorocyproca (Depths:2)
  13 purple draconians
  14 dire elephants
  3 yellow draconians
  7 deep elf annihilators
  2 halazid warlocks (Desolation)
  10 white draconians
  2 bunyips (Swamp:2)
  17 red draconians
  2 spark wasps (Depths:4)
  8 ettins
  An iron golem (Hell)
  An eidolon (Crypt:1)
  A crystal guardian (Vaults:3)
  6 jiangshi
  4 ragged hierophants (Desolation)
  4 deep elf death magi (Elf:3)
  10 great orbs of eyes
  3 deep elf high priests
  13 yaktaur captains
  An entropy weaver (Vaults:5)
  11 fire dragons
  Erolcha (Orc:2)
  9 rakshasas
  11 ice dragons
  34 vault guards
  4 salamander tyrants
  An ogre mage (D:13)
  A quicksilver dragon skeleton (Depths:3)
  A catoblepas (Elf:2)
  6 boulder beetles
  2 servants of whispers (Desolation)
  A ghost crab (Lair:3)
  A merfolk avatar (Lair:5)
  4 spriggan air magi (Depths:2)
  24 hydras
  10 peacekeepers
  2 death knights (Vaults:2)
  13 ironbound frosthearts
  18 anacondas
  20 centaur warriors
  A two-headed ogre (D:12)
  An anaconda (shapeshifter) (Vaults:5)
  16 dancing weapons
  13 naga warriors
  13 alligators
  13 deep troll earth magi
  9 deep troll shamans
  4 tengu warriors
  2 vampire magi
  A shock serpent (shapeshifter) (Vaults:2)
  6 orc high priests
  5 spriggan berserkers
  8 shock serpents
  3 sun demons (Hell)
  10 hell knights
  14 naga sharpshooters
  A titan zombie (Vaults:5)
  6 iron trolls
  11 deep elf knights
  4 skysharks
  A soul eater (Depths:2)
  2 spectral death yaks (Lair:3)
  2 salamander mystics (Snake:4)
  2 crystal echidnas
  3 death drakes (Depths:4)
  2 goliath frogs
  2 glowing orange brains
  8 skeletal warriors
  5 flayed ghosts
  4 sea snakes
  5 spriggan druids
  An orange crystal statue (D:15)
  58 deep trolls
  A shadow demon (Depths:2)
  10 swamp dragons
  A spectral hydra (Lair:3)
  8 wizards
  7 naga ritualists
  6 harpies
  3 phantasmal warriors
  8 deep elf archers
  4 lindwurms
  7 necromancers
  2 bog bodies
  A tengu zombie (Depths:1)
  20 deep elf zephyrmancers
  5 orc sorcerers (Orc:2)
  22 deep elf pyromancers
  A wolf spider (D:15)
  21 ironbound convokers
  46 ugly things
  11 orc knights
  15 mana vipers
  A fire giant zombie (Depths:1)
  A human zombie (Vaults:5)
  4 cyclopes
  8 salamanders
  7 manticores
  A spectral boulder beetle (Lair:3)
  A jorogumo skeleton (Crypt:1)
  8 moths of wrath
  7 will-o-the-wisps
  A sphinx skeleton (Depths:3)
  A rust devil (Depths:2)
  Joseph (D:10)
  A stone giant skeleton (Crypt:1)
  27 slime creatures
  15 vault sentinels
  A fire giant skeleton (Depths:1)
  11 naga magi
  8 elephants
  37 black mambas
  15 cane toads
  2 torpor snails (Lair:5)
  A storm dragon simulacrum (Depths:1)
  A molten gargoyle (Desolation)
  An orange demon (D:1)
  7 smoke demons
  3 gargoyles
  12 guardian serpents
  A cane toad (shapeshifter) (Vaults:5)
  An unseen horror (D:12)
  10 rime drakes
  35 yaktaurs
  8 komodo dragons
  7 kobold demonologists
  2 efreet (D:15)
  Maggie (D:6)
  3 ice devils
  An alligator snapping turtle skeleton (Crypt:1)
  A red devil (Depths:2)
  A spark wasp simulacrum (Depths:1)
  3 tengu conjurers
  6 trolls
  A hellwing (Depths:2)
  8 tyrant leeches
  A tarantella (shapeshifter) (Vaults:5)
  Grinder (D:3)
  38 blink frogs
  A tengu simulacrum (Vaults:5)
  48 saltlings (Desolation)
  11 hornets
  An ettin zombie (Vaults:5)
  A wind drake (Lair:5)
  3 flying skulls (Crypt:1)
  2 spectral black mambas (Lair:3)
  A culicivora (shapeshifter) (Elf:2)
  11 water elementals
  5 air elementals (Elf:1)
  2 vampires
  2 ynoxinuls
  44 yaks
  6 wyverns
  6 spriggans
  2 large abominations (Abyss:4)
  2 hogs (D:14)
  3 shadows
  6 wraiths
  A hog (shapeshifter) (D:15)
  A human (shapeshifter) (Elf:2)
  5 fire elementals
  7 basilisks
  A human (D:13)
  23 vampire mosquitoes
  4 wargs
  3 steam dragons (Lair:5)
  13 swamp worms
  A chaos spawn (Depths:2)
  36 nagas
  3 acid dragons
  A glowing shapeshifter zombie (Vaults:5)
  9 water moccasins
  A floating eye (shapeshifter) (D:15)
  A glowing shapeshifter skeleton (Depths:1)
  5 hell hounds (Elf:2)
  An ice beast (D:4)
  2 sky beasts (D:7)
  6 swamp drakes
  2 spriggan simulacra
  4 black bears
  37 orc warriors
  A boggart (shapeshifter) (Vaults:4)
  17 wolves
  5 ogres
  11 centaurs
  A phantom (D:7)
  8 boggarts
  4 kobold brigands
  10 bullfrogs
  4 gnoll sergeants
  An earth elemental (Elf:1)
  A necrophage (Swamp:4)
  A human simulacrum (Depths:3)
  5 wights
  13 killer bees (D:9)
  2 electric eels (Lair:5)
  8 howler monkeys
  2 jellies
  31 orc priests
  2 gnoll boudas
  3 hounds
  2 sleepcaps
  Jessica (D:3)
  4 iguanas
  Ijyb (D:3)
  24 orc wizards
  10 hell rats
  Robin (D:3)
  19 gnolls
  6 adders
  A shadow imp (D:6)
  A white imp (D:6)
  5 worms
  2 dart slugs
  112 orcs
  A ball python (shapeshifter) (Vaults:5)
  8 ball pythons
  4 endoplasms
  A giant cockroach (D:2)
  9 goblins
  5 hobgoblins
  26 kobolds
  2 quokkas
  A bat (D:3)
  A frilled lizard (D:1)
  7 rats
  A spectral kobold (D:10)
2063 creatures vanquished.

Vanquished Creatures (collateral kills)
  A Killer Klown (Zot:5)
  2 vault wardens
  A lorocyproca (Depths:2)
  A ragged hierophant (Desolation)
  A peacekeeper (Desolation)
  A vault guard (Vaults:5)
  An alligator (Swamp:4)
  A goliath frog (Swamp:2)
  2 skeletal warriors (D:12)
  A swamp dragon (Swamp:2)
  2 deep trolls (Vaults:4)
  A salamander (Snake:4)
  A hellion (Depths:1)
  A naga mage (Snake:1)
  A troll (D:13)
  7 saltlings (Desolation)
  A snapping turtle (Lair:5)
  An air elemental (Elf:2)
  A naga (Snake:4)
  A centaur (D:8)
  A kobold brigand (D:10)
  An adder (D:6)
  3 gnolls (D:6)
  3 orcs
37 creatures vanquished.

Vanquished Creatures (others)
  A kraken (Abyss:4)
  A fenstrider witch (Swamp:2)
  A fire giant (Depths:2)
  A deep elf death mage (Elf:3)
  A deep elf knight (Elf:1)
  A will-o-the-wisp (Swamp:2)
  A tengu conjurer (D:14)
  2 bloated husks (Swamp:2)
  A swamp drake (Swamp:2)
  An orc wizard (Orc:2)
  47 foxfires
  4 tentacles (Abyss:4)
62 creatures vanquished.

Grand Total: 2162 creatures vanquished

Table legend:
 A = Non-vault XP
 B = Vault XP
 C = Vault XP percentage of total XP
 D = Non-vault monster count
 E = Vault monster count
 F = Vault count percentage of total count
                 A         B        C        D         E       F
            +---------+---------+-------+---------+---------+-------
      Total |  628498 |  617341 |  49.6 |    1292 |     805 |  38.4
            +---------+---------+-------+---------+---------+-------
        D:1 |      15 |       0 |   0.0 |       9 |       0 |   0.0
        D:2 |      21 |       3 |  12.5 |      11 |       2 |  15.4
        D:3 |      48 |     393 |  89.1 |      10 |      11 |  52.4
        D:4 |     721 |       0 |   0.0 |      34 |       0 |   0.0
        D:5 |     210 |       0 |   0.0 |       6 |       0 |   0.0
        D:6 |     704 |     362 |  34.0 |      31 |       2 |   6.1
        D:7 |    1930 |    3220 |  62.5 |      27 |      13 |  32.5
        D:8 |     755 |       0 |   0.0 |      14 |       0 |   0.0
        D:9 |    1660 |    3897 |  70.1 |      35 |      37 |  51.4
       D:10 |    3663 |    1979 |  35.1 |      26 |       7 |  21.2
       D:11 |    4081 |     378 |   8.5 |      23 |       1 |   4.2
       D:12 |    8688 |    2827 |  24.6 |      20 |       9 |  31.0
       D:13 |    6710 |    7804 |  53.8 |      18 |      12 |  40.0
       D:14 |    6015 |    4887 |  44.8 |      18 |      30 |  62.5
       D:15 |   11146 |    5908 |  34.6 |      23 |      11 |  32.4
     Lair:1 |    5180 |       0 |   0.0 |      20 |       0 |   0.0
     Lair:2 |    8685 |     634 |   6.8 |      41 |       4 |   8.9
     Lair:3 |   10537 |    5001 |  32.2 |      31 |      11 |  26.2
     Lair:4 |    8644 |     986 |  10.2 |      36 |       3 |   7.7
     Lair:5 |    1726 |    9578 |  84.7 |       7 |      29 |  80.6
    Swamp:1 |    9221 |    2092 |  18.5 |      22 |       4 |  15.4
    Swamp:2 |   15599 |       0 |   0.0 |      29 |       0 |   0.0
    Swamp:3 |   14416 |    5744 |  28.5 |      24 |       7 |  22.6
    Swamp:4 |    8560 |   12625 |  59.6 |      18 |      19 |  51.4
    Snake:1 |   11155 |       0 |   0.0 |      25 |       0 |   0.0
    Snake:2 |   15769 |    1690 |   9.7 |      32 |       1 |   3.0
    Snake:3 |   17843 |    7153 |  28.6 |      36 |       9 |  20.0
    Snake:4 |   20081 |   38288 |  65.6 |      38 |      45 |  54.2
      Orc:1 |    1130 |       0 |   0.0 |      32 |       0 |   0.0
      Orc:2 |    4544 |   12761 |  73.7 |      45 |      34 |  43.0
      Elf:1 |   20341 |    8443 |  29.3 |      38 |      16 |  29.6
      Elf:2 |   17721 |   17451 |  49.6 |      35 |      26 |  42.6
      Elf:3 |    7647 |   26546 |  77.6 |      13 |      24 |  64.9
   Vaults:1 |   31631 |   17576 |  35.7 |      51 |      24 |  32.0
   Vaults:2 |   35488 |   30730 |  46.4 |      44 |      35 |  44.3
   Vaults:3 |   39098 |   21100 |  35.1 |      45 |      32 |  41.6
   Vaults:4 |   28573 |   17257 |  37.7 |      42 |      20 |  32.3
   Vaults:5 |   16415 |   89511 |  84.5 |      25 |      77 |  75.5
    Crypt:1 |   10860 |       0 |   0.0 |      17 |       0 |   0.0
   Depths:1 |   30011 |    7226 |  19.4 |      41 |       9 |  18.0
   Depths:2 |   37027 |   42630 |  53.5 |      45 |      42 |  48.3
   Depths:3 |   29854 |    4516 |  13.1 |      34 |       4 |  10.5
   Depths:4 |   38316 |   69088 |  64.3 |      45 |      57 |  55.9
       Hell |    2465 |    5249 |  68.0 |       7 |       5 |  41.7
      Zot:1 |   24504 |       0 |   0.0 |      21 |       0 |   0.0
      Zot:2 |   11965 |   23741 |  66.5 |      12 |      17 |  58.6
      Zot:3 |    1467 |       0 |   0.0 |       1 |       0 |   0.0
      Zot:4 |    3295 |       0 |   0.0 |       3 |       0 |   0.0
      Zot:5 |   41314 |   70209 |  63.0 |      29 |      31 |  51.7
    Abyss:4 |    1049 |    1250 |  54.4 |       3 |       1 |  25.0
 Desolation |       0 |   36608 | 100.0 |       0 |      84 | 100.0
            +---------+---------+-------+---------+---------+-------

Skill      XL: |  1  2  3  4  5  6  7  8  9 10 11 12 13 14 15 16 17 18 19 20 21 22 23 24 25 |
---------------+----------------------------------------------------------------------------+-----
Unarmed Combat | 3 4 6 7 8 9 12 13 14 17 19 21 23 25 | 25.0
Dodging        | 3 6 8 10 11 13 15 17 20 | 20.0
Fighting       | 4 6 8 9 12 13 17 18 19 20 | 20.0
Invocations    | 10 12 | 12.0
Armour         | 8 10 11 13 15 | 15.0
Evocations     | 8 11 16 | 16.3
Spellcasting   | 5 |  5.1
Transmutations | 5 8 |  8.0
Stealth        | 8 |  8.0

Action                     |  1- 3 |  4- 6 |  7- 9 | 10-12 | 13-15 | 16-18 | 19-21 | 22-24 | 25-27 || total
---------------------------+-------+-------+-------+-------+-------+-------+-------+-------+-------++-------
  Melee: Unarmed           |    91 |   105 |   296 |   684 |  1101 |  1324 |  1318 |  1387 |   194 ||  6500
         Touch             |    15 |    27 |    58 |   130 |   252 |   294 |   310 |   328 |    58 ||  1472
         Punch             |     1 |     5 |    23 |    58 |   128 |   200 |   266 |   314 |    51 ||  1046
  Throw: Throwing net      |       |     1 |       |       |       |       |       |       |       ||     1
   Cast: Wereblood         |       |       |       |       |       |       |     6 |    16 |     2 ||    24
 Invoke: Line Pass         |       |       |       |       |       |     1 |     1 |       |       ||     2
         Grand Finale      |       |       |       |       |       |       |     3 |     3 |     1 ||     7
         Stomp             |       |       |       |       |       |       |       |     1 |       ||     1
  Evoke: Wand              |       |       |     8 |     9 |     3 |     6 |     7 |     6 |     3 ||    42
         Condenser vane    |       |       |       |       |     2 |     3 |     2 |     2 |     1 ||    10
         Lightning rod     |       |       |       |       |       |       |       |     3 |     4 ||     7
    Use: Scroll            |     2 |     4 |     8 |    12 |     5 |    10 |    13 |    18 |     2 ||    74
         Potion            |     1 |       |     2 |     2 |     1 |     5 |     8 |     7 |     9 ||    35
   Stab: Sleeping          |     1 |     2 |     2 |       |       |       |     1 |     4 |     1 ||    11
         Held in net/web   |       |     1 |       |       |       |       |       |       |     2 ||     3
         Distracted        |       |       |     1 |     2 |     2 |       |     1 |    10 |       ||    16
         Paralysed         |       |       |     6 |    46 |   116 |   154 |   136 |   136 |    15 ||   609
         Confused          |       |       |       |       |       |     1 |     3 |       |       ||     4
         Betrayed ally     |       |       |       |       |       |     1 |     2 |       |       ||     3
         Invisible         |       |       |       |       |       |       |       |       |     3 ||     3
 Armour: Robe              |     9 |    37 |    33 |       |       |       |       |       |       ||    79
         Acid dragon scale |       |       |    77 |    81 |       |       |       |       |       ||   158
         Scale mail        |       |       |       |    77 |       |       |       |       |       ||    77
         Chain mail        |       |       |       |    77 |   530 |   749 |   560 |   291 |       ||  2207
         Quicksilver drago |       |       |       |       |       |       |       |   159 |    32 ||   191
  Dodge: Dodged            |    49 |    66 |   170 |   376 |   657 |   887 |   934 |   899 |   222 ||  4260

Illustrated notes

Table legend:
 A = Kills in this place as a percentage of kills in the entire game.
 B = Kills by you in this place as a percentage of kills by you in the entire game.
 C = Kills by friends in this place as a percentage of kills by friends in the entire game.
 D = Other kills in this place as a percentage of other kills in the entire game.
 E = Experience gained in this place as a percentage of experience gained in the entire game.
 F = Experience gained in this place divided by the number of levels of this place that you have seen.
                   A       B       C       D       E      F
               +-------+-------+-------+-------+-------+----------------------
         Total | 100.0 | 100.0 | 100.0 | 100.0 | 100.0 | 24120.3
       Dungeon |  21.2 |  21.1 |  24.3 |  16.7 |   6.8 | 5721.2
          Lair |   8.6 |   8.8 |   2.7 |   0.0 |   4.1 | 10194.2
         Swamp |   5.8 |   5.8 |   8.1 |  16.7 |   5.4 | 17064.2
     Snake Pit |   8.8 |   8.9 |   8.1 |   0.0 |   8.9 | 27994.8
  Orcish Mines |   5.3 |   5.3 |   5.4 |   0.0 |   1.5 | 9217.5
   Elven Halls |   7.2 |   7.2 |   5.4 |  33.3 |   7.8 | 32716.3
        Vaults |  18.8 |  18.9 |  13.5 |   0.0 |  26.1 | 65475.8
         Crypt |   0.8 |   0.8 |   0.0 |   0.0 |   0.9 | 10860.0
        Depths |  13.3 |  13.4 |   5.4 |  16.7 |  20.7 | 64823.5
          Hell |   0.6 |   0.6 |   0.0 |   0.0 |   0.6 | 7714.0
           Zot |   5.4 |   5.5 |   2.7 |   0.0 |  14.1 | 35299.0
         Abyss |   0.2 |   0.1 |   0.0 |  16.7 |   0.2 | 2299.0
    Desolation |   4.0 |   3.6 |  24.3 |   0.0 |   2.9 | 36608.0
               +-------+-------+-------+-------+-------+----------------------

Table legend: (Time is in decaauts)
 A = Elapsed time spent in this place.
 B = Non-inter-level travel time spent in this place.
 C = Inter-level travel time spent in this place.
 D = Time resting spent in this place.
 E = Time spent auto-exploring this place.
 F = Levels seen in this place.
 G = Mean time per level.
                   A        B        C        D        E       F      G
               +--------+--------+--------+--------+--------+-----+--------+
         Total |  53026 |  45202 |   7824 |   6387 |  26630 |  52 | 1019.7 |
       Dungeon |  16837 |  13798 |   3039 |   2199 |   8522 |  15 | 1122.5 |
          Lair |   5001 |   4388 |    613 |    103 |   3277 |   5 | 1000.2 |
         Swamp |   3178 |   2924 |    254 |    311 |   1858 |   4 |  794.5 |
     Snake Pit |   6093 |   4953 |   1140 |    760 |   2957 |   4 | 1523.2 |
  Orcish Mines |   1545 |   1283 |    262 |     44 |    776 |   2 |  772.5 |
   Elven Halls |   3186 |   2917 |    269 |    290 |   1806 |   3 | 1062.0 |
        Vaults |   8130 |   6823 |   1307 |   1112 |   3689 |   5 | 1626.0 |
         Crypt |     72 |     52 |     20 |      0 |      9 |   1 |   72.0 |
        Depths |   5771 |   4973 |    798 |    730 |   2899 |   4 | 1442.8 |
          Hell |     26 |     26 |      0 |      0 |      0 |   1 |   26.0 |
           Zot |   2275 |   2158 |    117 |    759 |    636 |   5 |  455.0 |
         Abyss |     97 |     97 |      0 |      5 |     21 |   1 |   97.0 |
         Trove |     81 |     81 |      0 |      0 |      0 |   1 |   81.0 |
    Desolation |    729 |    729 |      0 |     72 |    177 |   1 |  729.0 |
               +--------+--------+--------+--------+--------+-----+--------+

Top non-repeatable levels by time:
Vaults:1: 2407 daAuts
 Snake:3: 2163 daAuts
Depths:4: 1872 daAuts
     D:4: 1723 daAuts
Vaults:5: 1666 daAuts
 Snake:2: 1657 daAuts
Depths:2: 1575 daAuts
     D:3: 1456 daAuts
Vaults:4: 1451 daAuts
Vaults:3: 1335 daAuts
     D:9: 1321 daAuts
Depths:1: 1278 daAuts
Vaults:2: 1268 daAuts
   Elf:3: 1258 daAuts
    D:12: 1253 daAuts
